 Dungeon Crawl Stone Soup version 0.24-a0-201-gf2055891f0 (webtiles) character file.

Game seed: 9393175680620105502

2228 Orphidia the Transmogrifier (level 9, 0/64 HPs)
             Began as a Pale Draconian Transmuter on Mar 22, 2019.
             Was a Priest of Cheibriados.
             Slain by an orc warrior
             ... wielding a +0 halberd
              (29 damage)
             ... on level 7 of the Dungeon.
             The game lasted 00:17:12 (7681 turns).

Orphidia the Transmogrifier (DrTm)                  Turns: 7681, Time: 00:17:12

Health: 0/64       AC: 10    Str: 19    XL:     9   Next: 14%
Magic:  2/12       EV: 13    Int: 24    God:    Cheibriados [***...]
Gold:   359        SH:  0    Dex: 22    Spells: 1/12 levels left

rFire    . . .     SeeInvis .     - Unarmed
rCold    . . .     Gourm    +   (shield currently unavailable)
rNeg     . . .     Faith    .   (armour unavailable)
rPois    .         Spirit   .   (helmet restricted)
rElec    .         Reflect  .   k - +2 cloak
rCorr    .         Harm     .   (gloves currently unavailable)
MR       .....                  (no boots)
Stlth    ++........             d - amulet of the gourmand
HPRegen  0.20/turn              (no ring)
MPRegen  0.13/turn              o - +3 ring of intelligence

@: blade hands (expiring), very slow
A: breathe steam, unfitting armour, cold-blooded, AC +7
a: Breathe Steam, End Transformation, Bend Time, Temporal Distortion, Renounce
Religion


You were on level 7 of the Dungeon.
You worshipped Cheibriados.
Cheibriados was most pleased with you.
You were very full.
You had blades for hands.
You visited 2 branches of the dungeon, and saw 8 of its levels.
You also visited: Sewer.

You collected 458 gold pieces.
You spent 99 gold pieces at shops.


Innate Abilities, Weirdness & Mutations

You can breathe blasts of scalding, opaque steam.
Your pale cyan-grey scales are hard. (AC +7)
You cannot fit into any form of body armour.
You are cold-blooded and may be slowed by cold attacks.


   Skills:
 - Level 1.1 Fighting
 - Level 1.7 Dodging
 + Level 8.4 Unarmed Combat
 - Level 2.0 Spellcasting
 + Level 9.5 Transmutations


You had one spell level left.
You knew the following spells:

 Your Spells              Type           Power        Failure   Level  Hunger
A - Beastly Appendage     Tmut           #####.       9%          1    #......
B - Sticks to Snakes      Tmut           #####...     11%         2    ##.....
C - Spider Form           Tmut/Pois      ####......   32%         3    ###....
D - Blade Hands           Tmut           #####.....   36%         5    ######.

Your spell library contained the following spells:

 Spells                   Type           Power        Failure   Level  Hunger
 Sandblast                Erth           #.....       50%         1    #......
 Passwall                 Tmut/Erth      ####....     24%         2    ##.....
 Ice Form                 Ice/Tmut       ####....     58%         4    #####..
 Petrify                  Tmut/Erth      ####....     58%         4    #####..
 Stone Arrow              Conj/Erth      #.....       77%         3    ###....
 Lee's Rapid Deconstruct  Erth           #.........   100%        5    ######.

Action                   |  1- 3 |  4- 6 |  7- 9 || total
-------------------------+-------+-------+-------++-------
Melee: Unarmed           |   152 |   176 |   212 ||   540
       Tailslap          |    12 |    12 |    24 ||    48
       Headbutt          |    10 |     4 |     5 ||    19
       Kick              |     7 |    14 |     2 ||    23
       Punch             |     2 |     1 |     6 ||     9
 Cast: Beastly Appendage |    27 |    20 |     4 ||    51
       Sticks to Snakes  |       |     8 |       ||     8
       Spider Form       |       |     5 |     3 ||     8
       Blade Hands       |       |       |    15 ||    15
 Abil: Breathe Steam     |       |       |     5 ||     5
  Use: Scroll            |     2 |     8 |     7 ||    17
       Potion            |       |     2 |       ||     2
 Stab: Sleeping          |     2 |       |     1 ||     3
  Eat: Chunk             |    14 |    11 |    14 ||    39
Armor: Skin              |    35 |    55 |    54 ||   144
Dodge: Dodged            |    81 |   140 |   138 ||   359

Inventory:

Missiles
 a - 192 arrows
 i - 10 tomahawks (quivered)
 m - 3 javelins
Armour
 k - a +2 cloak (worn)
 p - a +0 pair of gloves (melded)
Jewellery
 d - an amulet of the gourmand (around neck)
 o - a +3 ring of intelligence (right scythe-like blade)
 s - an uncursed ring of ice
Scrolls
 e - 3 scrolls of blinking
 f - a scroll of enchant armour
 t - a scroll of teleportation
 u - 3 scrolls of remove curse
Potions
 b - a potion of brilliance {unknown}
 g - 4 potions of flight
 h - 3 potions of curing
 j - a potion of degeneration {unknown}
 n - a potion of mutation
 q - a potion of ambrosia
 r - a potion of magic
 v - a potion of agility {unknown}
Comestibles
 c - 13 rations

###### ###### ### #....#
.....# #.# #....# .....#
#.# #....# .....#
##.####....######.....##
..............o.......5.
##<####....######o....#
#.# ###### #..@.....#
... #........# ##.##
#........# #..
####.....# ... ...>...
### #######


You could see an orc warrior and a crimson imp.

Vanquished Creatures
  An orc warrior (D:6)
  A sky beast (D:5)
  3 centaurs
  4 ogres
  Blork the orc (D:5)
  A big kobold (Sewer)
  A bullfrog (D:6)
  A gnoll sergeant (D:6)
  3 scorpions
  3 wights (D:6)
  A howler monkey (D:5)
  2 crimson imps
  5 hounds
  An orc priest (D:5)
  2 iguanas
  4 orc wizards
  6 worker ants
  2 hound skeletons (D:5)
  7 adders
  9 gnolls
  2 river rats (D:3)
  An adder zombie (D:6)
  2 adder skeletons
  4 worms
  4 dart slugs
  5 leopard geckos
  13 orcs
  2 ball pythons
  5 bats
  7 giant cockroaches
  9 goblins
  5 hobgoblins
  12 jackals
  5 quokkas
  9 frilled lizards
  12 kobolds
  A quokka skeleton (D:4)
  A quokka zombie (D:6)
  10 rats
167 creatures vanquished.

Vanquished Creatures (collateral kills)
  A river rat (Sewer)
  A worm (D:3)
  2 jackals
  2 kobolds (Sewer)
  A rat (Sewer)
7 creatures vanquished.

Grand Total: 174 creatures vanquished

Levels and vault maps discovered:
D:1:      dpeg_arrival_simpleton_b, layout_basic, st_stairs_14
D:2:      layout_loops_ring, lemuel_round_altar
D:3:      minmay_evil_eye, layout_basic, fiery_altar_vehumet,
          nicolae_overflow_crystal_walls, portal_sewer_entry_b,
          minmay_fractal_squares_diagonal_5
D:4:      layout_layer_cave, led_sif_pool, minmay_temple_entry_arrows,
          serial_shops, shop, first_ration
D:5:      layout_rooms, uniq_blork_the_orc
D:6:      lemuel_upstairs_altar, layout_gridville, grunt_dithmenos_smoke,
          nicolae_gozag_cash_rules_everything_around_me,
          gammafunk_temple_overflow_wave, cheibrodos_ashenzari_chains,
          serial_shops, nicolae_shop_stone
D:7:      layout_basic, chequers_ossuary_entry_cave, the_bakery,
          minmay_splitting_lines, uniq_prince_ribbit1
Temple:   grunt_temple_mini_profane
Sewer:    sewer_kobolds


Message History

The crimson imp shouts!
You hit something.
Your tail-slap misses something.
Your slash misses something.
You hear a zap.
You are blasted!
You slash something!
Cheibriados thoroughly appreciates the change of pace.
Cheibriados raises the support of your attributes as your movement slows.
Reactivating autopickup.
You feel a bit more experienced.
Your transformation is almost over.
The crimson imp blinks!
The crimson imp blinks!
The orc warrior hits you but does no damage.
Things that are here:
3 tomahawks; a +0 scale mail You hit the orc warrior.
The orc warrior is lightly wounded.
The orc warrior hits you with a +0 halberd!!
You die...

Notes
Turn   | Place    | Note
-------+----------+-------------------------------------------
     0 | D:1      | Orphidia the Draconian Transmuter began the quest for the
                  | Orb.
     0 | D:1      | Reached XP level 1. HP: 16/16 MP: 3/3
   237 | D:1      | Reached XP level 2. HP: 22/23 MP: 3/5
   241 | D:1      | Learned a level 2 spell: Sticks to Snakes
   840 | D:2      | Reached XP level 3. HP: 21/28 MP: 4/6
   917 | D:2      | Learned a level 3 spell: Spider Form
  1256 | D:2      | Noticed an ogre
  1330 | D:2      | Reached skill level 3 in Transmutations
  1650 | D:2      | Reached XP level 4. HP: 32/35 MP: 5/7
  1683 | D:2      | Noticed an ogre
  2128 | D:3      | Found a glowing drain.
  2266 | D:3      | Reached skill level 4 in Transmutations
  2273 | Sewer    | Entered a sewer
  2287 | Sewer    | Reached XP level 5. HP: 35/40 MP: 2/8
  2366 | Sewer    | Found a white marble altar of Elyvilon.
  2666 | D:3      | Found a radiant altar of Vehumet.
  3041 | D:3      | Noticed an ogre
  3050 | D:3      | Killed an ogre
  3050 | D:3      | Reached skill level 5 in Unarmed Combat
  3050 | D:3      | Reached skill level 5 in Transmutations
  3050 | D:3      | Reached XP level 6. HP: 47/47 MP: 5/9
  3068 | D:3      | Found a blossoming altar of Fedhas.
  4315 | D:4      | Reached skill level 6 in Transmutations
  4317 | D:4      | Your scales start taking on a pale cyan-grey colour.
  4317 | D:4      | Reached XP level 7. HP: 48/52 MP: 7/10
  4520 | D:4      | Found a deep blue altar of Sif Muna.
  4537 | D:4      | Found Ticus's Magic Scroll Boutique.
  4599 | D:4      | Found a staircase to the Ecumenical Temple.
  4612 | Temple   | Entered the Ecumenical Temple
  4633 | Temple   | Became a worshipper of Cheibriados the Contemplative
  5104 | D:5      | Entered Level 5 of the Dungeon
  5604 | D:5      | Reached skill level 7 in Transmutations
  5605 | D:5      | Reached * piety under Cheibriados
  5797 | D:5      | Reached XP level 8. HP: 17/59 MP: 11/11
  6087 | D:5      | Noticed Blork the orc
  6100 | D:5      | Killed Blork the orc
  6198 | D:5      | Learned a level 5 spell: Blade Hands
  6353 | D:5      | Reached skill level 8 in Transmutations
  6552 | D:2      | Reached ** piety under Cheibriados
  6617 | D:2      | Found a shimmering altar of Xom.
  6708 | D:6      | Found Kig Asua's Antique Armour Shoppe.
  6714 | D:6      | Bought a pair of gloves for 99 gold pieces
  6998 | D:6      | Reached skill level 9 in Transmutations
  7122 | D:6      | Found a shattered altar of Ashenzari.
  7185 | D:6      | Found an opulent altar of Gozag.
  7302 | D:6      | Reached XP level 9. HP: 38/64 MP: 4/12
  7303 | D:6      | Found a shadowy altar of Dithmenos.
  7463 | D:6      | Reached *** piety under Cheibriados
  7524 | D:6      | Found a glowing silver altar of Zin.
  7524 | D:6      | Found a sacrificial altar of Ru.
  7681 | D:7      | Slain by an orc warrior
